 Dungeon Crawl Stone Soup version 0.26-a0-1033-gd598b01645 (webtiles) character file.

Game seed: 11300399154956624657

18 Majang the Skirmisher (level 2, -3/27 HPs)
             Began as a Palentonga Fighter on Dec 10, 2020.
             Hit by a stone thrown by a gnoll (4 damage)
             ... on level 1 of the Dungeon.
             The game lasted 00:06:09 (1257 turns).

Majang the Skirmisher (Palentonga Fighter)          Turns: 1257, Time: 00:06:09

Health: -3/27      AC:  6    Str: 19    XL:     2   Next: 51%
Magic:  2/2        EV:  5    Int:  8    God:
Gold:   57         SH:  8    Dex:  9    Spells: 1/1 levels left

rFire    + . .     SeeInvis +   a - +0 war axe
rCold    x . .     Faith    .   c - +0 kite shield
rNeg     . . .     Spirit   .   b - +0 scale mail
rPois    .         Reflect  .   (no helmet)
rElec    .         Harm     .   (no cloak)
rCorr    .         Rampage  .   (no gloves)
Will     .....                  (no barding)
Stlth    ..........             (no amulet)
HPRegen  0.09/turn              h - ring of fire
MPRegen  0.08/turn              (no ring)

@: no status effects
A: large, rugged brown scales 3, see invisible, deformed body, roll 1, armoured
tail
a: Rolling Charge


You were on level 1 of the Dungeon.
You visited 1 branch of the dungeon, and saw 2 of its levels.

You collected 57 gold pieces.

Inventory:

Hand Weapons
 a - a +0 war axe (weapon)
 g - a +0 hunting sling
Armour
 b - a +0 scale mail (worn)
 c - a +0 kite shield (worn)
 e - a +0 chain mail
Jewellery
 h - a ring of fire (left hand)
 i - an uncursed amulet of faith {unknown}
Scrolls
 f - a scroll of identify
 j - a scroll of random uselessness {unknown}
Potions
 d - 2 potions of might


   Skills:
 + Level 3.3 Fighting
 * Level 2.8 Axes
 - Level 2.4 Armour
 - Level 2.4 Shields


You had one spell level left.
You didn't know any spells.
Your spell library was empty.

Dungeon Overview and Level Annotations

Branches:
Dungeon (2/15)

Altars:


Innate Abilities, Weirdness & Mutations

You are completely covered in rugged brown scales. (AC +3, +7% HP)
You have supernaturally acute eyesight. (SInv)
Armour fits poorly on your strangely shaped body.
You can roll at nearby foes to attack.
You have a long armoured tail.


Message History

You block the frilled lizard's attack.
You barely miss the frilled lizard.
The frilled lizard is heavily wounded.
The frilled lizard barely misses you.
You slash the frilled lizard!
You kill the frilled lizard!
You start resting.
HP restored.
There is a stone staircase leading up here.
You climb upwards.
The kobold hits you with a +1 whip of electrocution.
You are electrocuted!!
Ouch! That really hurt!
* * * LOW HITPOINT WARNING * * *
There is a stone staircase leading down here.
The gnoll shouts!
The gnoll throws a stone.
The stone hits you.
* * * LOW HITPOINT WARNING * * *
The gnoll throws a stone.
The stone hits you.
You die...

#################..#...# #
##.#.#.# # #.#...# #.##.##
#.##.########### #.##.##.......).
#.##.##.########
######K##.##.########
#...@.....##.........
#############.###....g...........
..............# ####..##..#######
############### #..##..# #..##..#
#..##..# ### #..##..# ##..
#..#...####... #.............


You could see a gnoll and a kobold.

Vanquished Creatures
  A dart slug (D:1)
  A leopard gecko (D:1)
  A giant cockroach (D:1)
  4 hobgoblins (D:1)
  A bat (D:1)
  A frilled lizard (D:2)
  4 goblins (D:1)
  A rat (D:1)
14 creatures vanquished.

Notes
Turn   | Place    | Note
-------+----------+-------------------------------------------
     0 | D:1      | Majang the Palentonga Fighter began the quest for the Orb.
     0 | D:1      | Reached XP level 1. HP: 20/20 MP: 1/1
   589 | D:1      | Reached XP level 2. HP: 21/27 MP: 2/2
   943 | D:1      | HP: 1/27 [kobold/+1 whip of electrocution (8)]
  1256 | D:1      | HP: 1/27 [gnoll/stone (3)]
  1257 | D:1      | Hit by a stone thrown by a gnoll

Illustrated notes

Levels and vault maps discovered:
D:1:      lordsloth_arrival_two_stooges, layout_loops_ring, st_stairs_12
D:2:      layout_basic, kennysheep_another_room, uniq_natasha

Action                   || total
-------------------------++-------
Melee: Hunting sling     ||    82
       War axe           ||    30
       Tailslap          ||    16
 Abil: Rolling Charge    ||     5
  Use: Scroll            ||     2
Armor: Scale mail        ||    55
Dodge: Dodged            ||    17
Block: Kite shield       ||    56

Table legend: (Time is in decaauts)
 A = Elapsed time spent in this place.
 B = Non-inter-level travel time spent in this place.
 C = Inter-level travel time spent in this place.
 D = Time resting spent in this place.
 E = Time spent auto-exploring this place.
 F = Levels seen in this place.
 G = Mean time per level.
                   A        B        C        D        E       F      G
               +--------+--------+--------+--------+--------+-----+--------+
         Total |   1315 |   1315 |      0 |    425 |    291 |   2 |  657.5 |
       Dungeon |   1315 |   1315 |      0 |    425 |    291 |   2 |  657.5 |
               +--------+--------+--------+--------+--------+-----+--------+

Top non-repeatable levels by time:
     D:1: 1243 daAuts
     D:2: 72 daAuts
